 Dungeon Crawl Stone Soup version 0.25-a0-576-g50b708a4c4 (webtiles) character file.

Game seed: 2126539609666679597, levelgen mode: deterministic

308 ReteAZ the Magician (level 6, -1/41 HPs)
             Began as an Octopode Wizard on Mar 1, 2020.
             Slain by a worker ant (7 damage)
             ... on level 4 of the Dungeon.
             The game lasted 00:10:36 (4597 turns).

ReteAZ the Magician (Octopode Wizard)               Turns: 4597, Time: 00:10:37

Health: -1/41      AC:  1    Str:  6    XL:     6   Next: 40%
Magic:  12/12      EV: 13    Int: 21    God:
Gold:   200        SH:  2    Dex: 12    Spells: 10/13 levels left

rFire    . . .     SeeInvis .     - Unarmed
rCold    . . .     Gourm    .   (no shield)
rNeg     . . .     Faith    .   a - +0 hat
rPois    .         Spirit   .   o - +2 amulet of reflection
rElec    .         Reflect  +   n - ring of teleportation (curse)
rCorr    .         Harm     .   (no ring)
MR       .....     Rnd*Tele +   (no ring)
Stlth    +++.......             (no ring)
HPRegen  0.13/turn              (no ring)
MPRegen  0.13/turn              (no ring)
                                (no ring)
                                (no ring)

@: lethally poisoned (-1 -> -21)
A: almost no armour, stealthy swim, amphibious, 8 rings, constrict 8, camouflage
1, gelatinous body 1
a: no special abilities


You were on level 4 of the Dungeon.
You were hungry.

You visited 1 branch of the dungeon, and saw 4 of its levels.

You collected 200 gold pieces.

Inventory:

Missiles
 d - 64 stones (quivered)
Armour
 a - a +0 hat (worn)
Jewellery
 n - a cursed ring of teleportation (left tentacle)
 o - a +2 amulet of reflection (around mantle)
Scrolls
 b - 10 scrolls of identify {unknown}
 e - 2 scrolls of magic mapping
 f - a scroll of enchant armour {unknown}
 j - 2 scrolls of teleportation {unknown}
 k - a scroll of immolation {unknown}
 l - a scroll of enchant weapon {unknown}
 p - a scroll of fog {unknown}
 s - a scroll of fear {unknown}
Potions
 g - a potion of berserk rage {unknown}
 h - a potion of stabbing {unknown}
 m - a potion of flight {unknown}
 q - 2 potions of lignification {unknown}
 r - a potion of brilliance {unknown}
 t - a potion of heal wounds
Comestibles
 c - 9 rations


   Skills:
 + Level 2.8 Fighting
 - Level 2.0 Dodging
 - Level 2.7 Stealth
 + Level 2.8 Unarmed Combat
 - Level 4.0 Spellcasting
 + Level 3.1 Conjurations
 + Level 1.2 Summonings
   Level 1.0 Translocations


You had 10 spell levels left.
You knew the following spells:

 Your Spells              Type           Power        Failure   Level  Hunger
a - Magic Dart            Conj           ###.         3%          1    None
b - Call Imp              Summ           #.......     11%         2    #......

Your spell library contained the following spells:

 Spells                   Type           Power        Failure   Level  Hunger
 Blink                    Tloc           N/A          12%         2    #......
 Slow                     Hex            #.......     19%         2    #......
 Conjure Flame            Conj/Fire      ##......     19%         3    ###....
 Mephitic Cloud           Conj/Pois/Air  #.......     24%         3    ###....


Dungeon Overview and Level Annotations

Branches:
Dungeon (4/15)
 Temple: D:4-7

Altars:
Elyvilon
Gozag


Innate Abilities, Weirdness & Mutations

You cannot wear most types of armour.
You are very stealthy in the water. (Stealth+)
You are amphibious.
You can wear up to eight rings at the same time.
You can use your tentacles to constrict eight enemies at once.
Your skin changes colour to match your surroundings (Stealth+).
Your rubbery body absorbs attacks. (AC +1, EV +1)


Message History

The worker ant is severely wounded.
You constrict the worker ant, but do no damage.
You feel sick. The worker ant bites you.
You are more poisoned.
The worker ant poisons you! The worker ant barely misses you.
You tentacle-slap the worker ant but do no damage.
The worker ant is severely wounded.
You constrict the worker ant.
You feel sick. The worker ant bites you. x2
* * * LOW HITPOINT WARNING * * *
You are more poisoned.
The worker ant poisons you!
You tentacle-slap the worker ant but do no damage.
You squeeze the worker ant, but do no damage.
The worker ant is severely wounded.
You constrict the worker ant.
* * * LOW HITPOINT WARNING * * *
You feel sick.
The worker ant bites you but does no damage.
The worker ant bites you!
You die...

*,,,,,+,,,,,*,* #.....
*,,,,*#.....#,* ****#.....
*,,,,*#?....#,****,,,......
*,,,,*#.....+,,,<+,,.......
******#..S..#*****,,,,,..,,
#.....# *,,,,,..., #.....#
*,,,,,.... #.....#
*,,,,,.... #...@.#
*,,,,,.... #..a†a#
*,,,,,.... #.....#
*,,,,,.... #.....####
*,,,,,.... #........#
*,,,,,.... #####......#
*,,,,,.... #...$......#
*,,,,,.... #..........#
*,,,,,.... #..........#
******####


You could see 2 worker ants and an adder (sleeping).

Vanquished Creatures
  A hound (D:4)
  2 orc priests (D:3)
  An orc wizard (D:3)
  A centaur skeleton (D:4)
  A worker ant (D:4)
  2 gnolls
  3 adders
  A river rat (D:4)
  An adder skeleton (D:4)
  A worm (D:2)
  2 dart slugs (D:1)
  3 leopard geckos
  2 orcs (D:3)
  9 giant cockroaches
  4 goblins
  7 hobgoblins
  9 jackals
  6 kobolds
  2 ball pythons (D:4)
  2 bats
  A frilled lizard (D:1)
  12 rats
73 creatures vanquished.

Vanquished Creatures (collateral kills)
  A gnoll (D:3)
  A worm (D:2)
  A kobold (D:3)
3 creatures vanquished.

Grand Total: 76 creatures vanquished

Notes
Turn   | Place    | Note
-------+----------+-------------------------------------------
     0 | D:1      | ReteAZ the Octopode Wizard began the quest for the Orb.
     0 | D:1      | Reached XP level 1. HP: 11/11 MP: 4/4
   224 | D:1      | Reached XP level 2. HP: 17/18 MP: 1/6
   946 | D:2      | Reached skill level 1 in Fighting
   946 | D:2      | Reached XP level 3. HP: 23/23 MP: 7/7
   952 | D:2      | Reached skill level 1 in Unarmed Combat
  1634 | D:2      | Learned a level 2 spell: Call Imp
  1956 | D:2      | Reached XP level 4. HP: 28/28 MP: 6/9
  2074 | D:2      | Found an opulent altar of Gozag.
  3057 | D:3      | Reached XP level 5. HP: 21/34 MP: 6/10
  3355 | D:3      | Found a white marble altar of Elyvilon.
  4234 | D:4      | Reached skill level 4 in Spellcasting
  4234 | D:4      | Reached XP level 6. HP: 36/41 MP: 7/12
  4578 | D:4      | HP: 2/41 [leopard gecko (5)]
  4585 | D:4      | HP: 1/41 [worker ant (2)]
  4597 | D:4      | Slain by a worker ant

Levels and vault maps discovered:
D:1:      roderic_chinese_lattice_arrival, layout_rooms
D:2:      layout_rooms, marbit_many_paths, grunt_decor_fettered,
          chequers_serial_rivers_room_b
D:3:      layout_loops_corners, lemuel_round_altar
D:4:      layout_basic, grunt_temple_overflow_open, portal_sewer_entry_e,
          first_ration

Skill      XL: |  1  2  3  4  5  6 |
---------------+-------------------+-----
Fighting       | 1 2 |  2.8
Unarmed Combat | 1 2 |  2.8
Conjurations   | 2 3 |  3.1
Spellcasting   | 4 |  4.0
Dodging        | |  2.0
Stealth        | |  2.7
Summonings     | |  1.2
Translocations | |  1.0

Action                   |  1- 3 |  4- 6 || total
-------------------------+-------+-------++-------
Melee: Unarmed           |    65 |    98 ||   163
       Constrict         |    21 |    20 ||    41
       Tentacles         |     6 |    11 ||    17
       Punch             |     1 |       ||     1
 Cast: Magic Dart        |    63 |    96 ||   159
       Call Imp          |     4 |     7 ||    11
  Use: Potion            |       |     5 ||     5
       Scroll            |       |     1 ||     1
 Stab: Sleeping          |       |     1 ||     1
  Eat: Chunk             |     3 |     8 ||    11
Armor: Skin              |     3 |     9 ||    12
Dodge: Dodged            |    44 |    93 ||   137
Block: Other             |       |     9 ||     9
       Reflection        |       |     1 ||     1

Table legend:
 A = Non-vault XP
 B = Vault XP
 C = Vault XP percentage of total XP
 D = Non-vault monster count
 E = Vault monster count
 F = Vault count percentage of total count
                 A         B        C        D         E       F
            +---------+---------+-------+---------+---------+-------
      Total |     418 |      23 |   5.2 |      69 |       7 |   9.2
            +---------+---------+-------+---------+---------+-------
        D:1 |      30 |       0 |   0.0 |      15 |       0 |   0.0
        D:2 |      73 |       2 |   2.7 |      22 |       1 |   4.3
        D:3 |     190 |       0 |   0.0 |      26 |       0 |   0.0
        D:4 |     125 |      21 |  14.4 |       6 |       6 |  50.0
            +---------+---------+-------+---------+---------+-------
